 Dungeon Crawl Stone Soup version 0.29-a0-275-g389c0b56f3 (webtiles) character file.

Game seed: 4200443139106679789

14704 mathmaestro the Grappler (level 11, -8/118 HPs)
             Began as a Troll Monk on Mar 11, 2022.
             Mangled by an eight-headed hydra (12 damage)
             ... on level 2 of the Lair of Beasts.
             The game lasted 00:22:05 (9437 turns).

mathmaestro the Grappler (Troll Monk)               Turns: 9437, Time: 00:22:05

Health: -8/118     AC: 10    Str: 25    XL:     11   Next: 92%
Magic:  10/10      EV: 10    Int:  6    God:
Gold:   416        SH:  0    Dex: 14    Spells: 10/10 levels left

rFire   . . .      SeeInvis .   F - +6 spear
rCold   + . .      Faith    .   (no shield)
rNeg    . . .      Spirit   .   m - +2 robe "Ekiuna" {rC+ Dex+2}
rPois   +          Reflect  .   (helmet restricted)
rElec   .          Harm     .   y - scarf {shadows}
rCorr   .          Rampage  .   (gloves unavailable)
Will    .....                   (boots unavailable)
Stlth   +++.......              (no amulet)
HPRegen 1.09/turn               g - +4 ring of protection
MPRegen 0.12/turn               x - ring of Divine Compulsion {rPois Stlth+}

@: no status effects
A: large, unfitting armour, claws 3, regeneration 1, shaggy fur 1, tough skin 1
a: no special abilities


You were on level 2 of the Lair of Beasts.
You visited 3 branches of the dungeon, and saw 13 of its levels.

You collected 674 gold pieces.
You spent 258 gold pieces at shops.

Inventory:

Hand Weapons
 F - a +6 spear (weapon)
 G - a +3 hand axe
Missiles
 c - 423 stones
 k - 47 poisoned darts
 o - a silver boomerang
 p - 5 javelins (quivered)
 q - a throwing net
 u - 4 boomerangs
Armour
 m - the +2 robe "Ekiuna" (worn) {rC+ Dex+2}
   (You found it on level 2 of the Dungeon)

   Dex:       It affects your dexterity (+2).
   rC:        It protects you from cold.
 y - a scarf of shadows (worn)
Jewellery
 g - a +4 ring of protection (left claw)
 w - a ring of resist corrosion
 x - the ring of Divine Compulsion (right claw) {rPois Stlth+}
   (You found it on level 5 of the Dungeon)

   [ring of poison resistance]

   rPois:     It protects you from poison.
   Stlth:     It makes you more stealthy.
 E - a ring of ice
Wands
 b - a wand of digging (3)
 f - a wand of flame (15)
 A - a wand of acid (2)
 C - a wand of iceblast (6)
Scrolls
 a - 4 scrolls of teleportation
 d - 2 scrolls of enchant weapon
 e - 3 scrolls of holy word
 n - 2 scrolls of blinking
 H - a scroll of magic mapping
 I - 4 scrolls of fog
Potions
 h - 5 potions of curing
 i - 3 potions of berserk rage
 j - 3 potions of heal wounds
 l - 4 potions of lignification
 r - 2 potions of mutation
 s - a potion of flight
 t - a potion of haste
 z - 2 potions of magic
 D - 3 potions of ambrosia
 K - a potion of resistance
Miscellaneous
 v - a box of beasts
 B - a piece from Xom's chessboard (15/15)


   Skills:
 + Level 10.2 Fighting
 + Level 6.0 Throwing
 - Level 3.0 Armour
 - Level 3.0 Dodging
 - Level 1.0 Stealth
 + Level 12.0 Unarmed Combat
 + Level 5.0 Evocations


You had 10 spell levels left.
You didn't know any spells.
Your spell library contained the following spells:

 Spells                   Type           Power      Damage    Failure   Level
 Apportation              Tloc           0%         N/A       45%         1
 Pain                     Necr           0%         1d4       45%         1
 Blink                    Tloc           0%         N/A       58%         2
 Sublimation of Blood     Necr           0%         N/A       58%         2
 Ignite Poison            Fire/Tmut/Pois 0%         N/A       83%         3
 Mephitic Cloud           Conj/Pois/Air  0%         N/A       83%         3
 Stone Arrow              Conj/Erth      0%         3d7       83%         3
 Summon Guardian Golem    Hex/Summ       0%         N/A       83%         3
 Animate Armour           Summ/Erth      0%         N/A       99%         4
 Petrify                  Tmut/Erth      0%         N/A       99%         4
 Summon Lightning Spire   Summ/Air       0%         N/A       99%         4
 Agony                    Necr           0%         N/A       100%        5
 Alistair's Intoxication  Tmut/Pois      0%         N/A       100%        5
 Excruciating Wounds      Necr           0%         N/A       100%        5
 Freezing Cloud           Conj/Ice/Air   0%         6-21      100%        5
 Irradiate                Conj/Tmut      0%         3d13      100%        5
 Manifold Assault         Tloc           0%         N/A       100%        5
 Orb of Destruction       Conj           0%         9d5       100%        7
 Spellforged Servitor     Conj/Summ      0%         N/A       100%        7
 Storm Form               Tmut/Air       0%         N/A       100%        7
 Lehudib's Crystal Spear  Conj/Erth      0%         10d2      100%        8
 Maxwell's Capacitive Co  Air            0%         ∞         100%        8


Dungeon Overview and Level Annotations

Branches:
Dungeon (10/15)            Temple (1/1) D:7            Lair (2/6) D:9
  Swamp: Lair:2-4    Shoals: Lair:2-4     Snake: Lair:2-4    Spider: Lair:2-4
    Orc: D:9-12

Altars:
Ashenzari
Cheibriados
Dithmenos
Fedhas
Gozag
Hepliaklqana
Makhleb
Nemelex Xobeh
Okawaru
Qazlal
Ru
Sif Muna
Uskayaw
Vehumet
Wu Jian
Xom
Yredelemnul
Zin
The Shining One

Shops:
D:6 *?   D:8 ****


Innate Abilities, Weirdness & Mutations

You are too large for most types of armour.
You have claws for hands.
Your natural rate of healing is unusually fast.
You are covered in fur. (AC +1)
You have tough skin. (AC +1)


Message History

Unknown command.
Unknown command.
You puncture the eight-headed hydra!
The eight-headed hydra is severely wounded.
The eight-headed hydra completely misses you.
The eight-headed hydra closely misses you.
The eight-headed hydra bites you!
The eight-headed hydra bites you but does no damage.
The eight-headed hydra bites you!
* * * LOW HITPOINT WARNING * * *
The eight-headed hydra bites you but does no damage. x3
Unknown command.
Unknown command.
You hit the eight-headed hydra.
The eight-headed hydra is severely wounded.
The eight-headed hydra bites you but does no damage.
The eight-headed hydra bites you!
* * * LOW HITPOINT WARNING * * *
The eight-headed hydra barely misses you.
The eight-headed hydra completely misses you.
The eight-headed hydra bites you but does no damage.
The eight-headed hydra closely misses you.
The eight-headed hydra bites you but does no damage.
The eight-headed hydra bites you.
* * * LOW HITPOINT WARNING * * *
Unknown command.
Unknown command.
You puncture the eight-headed hydra!
The eight-headed hydra is almost dead.
The eight-headed hydra bites you.
* * * LOW HITPOINT WARNING * * *
The eight-headed hydra barely misses you.
The eight-headed hydra bites you!
* * * LOW HITPOINT WARNING * * *
The eight-headed hydra bites you!
* * * LOW HITPOINT WARNING * * *
The eight-headed hydra misses you. The eight-headed hydra bites you.
* * * LOW HITPOINT WARNING * * *
The eight-headed hydra bites you!
You die...

### ##.# #.#### ## ##...##
###########..#
###....#####............#
####.........##.#####..PP#.
#..P........?.#..###.#####
......................#
#.###....##..#..@###...#
.## ##....#.....D.###.## ##
#.#.###!....(...#.# #
##...####P.((.....# # #..##
#P........# ## #..(.......
..# ..!........ .... ...
P##. .#....


You could see an eight-headed hydra.

Vanquished Creatures
  A fire dragon (Lair:1)
  A hydra (Lair:1)
  A two-headed ogre (D:7)
  2 black mambas (Lair:1)
  Maurice (D:9)
  3 cane toads
  Psyche (D:8)
  A kobold demonologist (D:10)
  A komodo dragon (Lair:1)
  2 hornets
  Grinder (D:3)
  4 blink frogs (Lair:1)
  26 yaks
  A wraith (D:10)
  A wyvern (Lair:2)
  2 steam dragons
  2 basilisks
  2 water moccasins
  2 orc warriors (D:7)
  An ice beast (D:5)
  An ogre (D:5)
  A sky beast (D:6)
  5 centaurs
  3 phantoms (D:5)
  6 kobold brigands
  2 necrophages
  2 gnoll sergeants
  4 scorpions
  3 bullfrogs
  15 wights
  An electric eel (Lair:1)
  7 orc priests
  Crazy Yiuf (D:7)
  2 jellies
  A gnoll shaman (D:8)
  5 hounds
  An iguana (D:7)
  7 orc wizards
  Ijyb (D:3)
  9 adders
  17 gnolls
  2 shadow imps
  A white imp (D:7)
  2 worms
  4 dart slugs
  34 orcs
  6 endoplasms
  A giant cockroach (D:4)
  6 goblins
  5 hobgoblins
  3 jackals (D:4)
  6 ball pythons
  7 bats
  6 frilled lizards
  34 kobolds
  6 rats
273 creatures vanquished.

Vanquished Creatures (others)
  2 orc wizards
  9 fungi
  12 plants
  5 withered plants (D:3)
28 creatures vanquished.

Grand Total: 301 creatures vanquished

Notes
Turn   | Place    | Note
-------+----------+-------------------------------------------
     0 | D:1      | mathmaestro the Troll Monk began the quest for the Orb.
     0 | D:1      | Reached XP level 1. HP: 22/22 MP: 0/0
   298 | D:1      | Reached XP level 2. HP: 29/29 MP: 1/1
   638 | D:2      | Reached XP level 3. HP: 36/36 MP: 2/2
   644 | D:2      | Reached skill level 1 in Armour
   751 | D:2      | Found a basalt altar of Yredelemnul.
   757 | D:2      | Identified the +2 robe "Ekiuna" {rC+ Dex+2}
  1166 | D:3      | Reached XP level 4. HP: 44/44 MP: 3/3
  1173 | D:3      | Found a faded altar of an unknown god.
  1285 | D:3      | Noticed Ijyb
  1303 | D:3      | Killed Ijyb
  1304 | D:3      | Noticed Grinder
  1307 | D:3      | Paralysed by Grinder for 5 turns
  1315 | D:3      | Paralysed by Grinder for 5 turns
  1330 | D:3      | Killed Grinder
  1331 | D:3      | Reached skill level 4 in Unarmed Combat
  1331 | D:3      | Reached XP level 5. HP: 14/54 MP: 4/4
  1331 | D:3      | Reached XP level 6. HP: 16/62 MP: 5/5
  2366 | D:4      | Reached skill level 5 in Unarmed Combat
  2375 | D:4      | You fall into a shaft and drop 1 floor!
  2375 | D:5      | Entered Level 5 of the Dungeon
  2381 | D:5      | Reached XP level 7. HP: 64/70 MP: 6/6
  2495 | D:5      | Reached skill level 6 in Unarmed Combat
  2512 | D:5      | Reached skill level 5 in Fighting
  2767 | D:5      | Reached XP level 8. HP: 80/80 MP: 7/7
  3261 | D:5      | Reached skill level 7 in Unarmed Combat
  3275 | D:5      | Identified the ring of Divine Compulsion {rPois Stlth+}
  3483 | D:6      | Found Jyutod's Neck Hole.
  3486 | D:6      | Bought a scarf of shadows for 144 gold pieces
  3539 | D:6      | Found a broken altar of Ashenzari.
  3580 | D:6      | Reached skill level 8 in Unarmed Combat
  3698 | D:6      | Found Oseowim's Magic Scroll Emporium.
  3705 | D:6      | Bought a scroll of enchant weapon for 90 gold pieces
  3705 | D:6      | Bought a scroll of identify for 24 gold pieces
  3807 | D:6      | Found a sparkling altar of Nemelex Xobeh.
  3869 | D:7      | Reached XP level 9. HP: 61/92 MP: 0/8
  4166 | D:7      | Reached skill level 9 in Unarmed Combat
  4338 | D:7      | Found a staircase to the Ecumenical Temple.
  4343 | Temple   | Entered the Ecumenical Temple
  4620 | D:7      | Found a runed translucent door.
  4621 | D:7      | Noticed Crazy Yiuf
  4625 | D:7      | Killed Crazy Yiuf
  4973 | D:7      | Noticed a two-headed ogre
  4985 | D:7      | Killed a two-headed ogre
  4986 | D:7      | Reached skill level 10 in Unarmed Combat
  5112 | D:8      | Found Kuruto's General Store.
  5260 | D:8      | Noticed Psyche
  5358 | D:8      | Killed Psyche
  5359 | D:8      | Reached XP level 10. HP: 103/106 MP: 9/9
  5383 | D:8      | Found Anyops's General Store.
  5400 | D:8      | Reached skill level 1 in Throwing
  5422 | D:8      | Found Ukhlalew's General Store.
  5511 | D:8      | Reached skill level 1 in Evocations
  5568 | D:8      | Found Ecyug's Assorted Antiques.
  5988 | D:9      | Found a staircase to the Lair.
  6271 | D:9      | Noticed Maurice
  6278 | D:9      | Killed Maurice
  6715 | D:10     | Entered Level 10 of the Dungeon
  6844 | D:9      | Reached skill level 11 in Unarmed Combat
  6950 | D:10     | Reached XP level 11. HP: 115/115 MP: 10/10
  7834 | Lair:1   | Entered Level 1 of the Lair of Beasts
  8015 | Lair:1   | Reached skill level 5 in Throwing
  8239 | Lair:1   | Noticed a six-headed hydra
  8250 | Lair:1   | Killed a six-headed hydra
  8465 | Lair:1   | Reached skill level 10 in Fighting
  8686 | Lair:1   | Noticed a fire dragon
  8758 | Lair:1   | Killed a fire dragon
  8762 | Lair:1   | Reached skill level 12 in Unarmed Combat
  8830 | Lair:1   | Identified the +5 trident "Worm's Wrath" {flame, Will- MP+9
                  | Str+2}
  9189 | Lair:2   | Reached skill level 5 in Evocations
  9405 | Lair:2   | Noticed an eight-headed hydra
  9437 | Lair:2   | HP: 4/118 [eight-headed hydra (2)]
  9437 | Lair:2   | Mangled by an eight-headed hydra

Illustrated notes

Levels and vault maps discovered:
D:1:      matt_arrival_grand_opening, layout_loops_ring
D:2:      layout_rooms, basic_altar
D:3:      layout_loops_ring, shapermc_ecumenical_altar_flowoftime, uniq_grinder,
          uniq_ijyb
D:4:      layout_loops_ring
D:5:      kennysheep_six_static_rooms, layout_loops_ring
D:6:      layout_rooms, nicolae_overflow_hidden_temple, serial_shops,
          shop_scrolls, nicolae_shop_sticking_my_neck_out
D:7:      layout_loops_ring, minmay_temple_entry_nine_rooms, eino_tiny_chamber,
          minmay_misc_feat_encased, uniq_crazy_yiuf_cottage
D:8:      layout_basic, serial_shops, nicolae_shop_crystal, nicolae_shop_stone,
          nicolae_shop_temple_entry_statues_fountains,
          nicolae_shop_advertising_works [nicolae_subvault_shop_adworks],
          serial_bayou_crossing, uniq_psyche
D:9:      layout_long_grid, dpeg_oklobed_lair, serial_rivers,
          chequers_serial_rivers_marsh, chequers_serial_rivers_room_b,
          chequers_serial_rivers_marsh, chequers_serial_rivers_micro_c,
          chequers_serial_rivers_room_b, chequers_serial_rivers_micro_d,
          uniq_maurice
D:10:     layout_cave_pods, hellmonk_bongcloud_opening
Temple:   minmay_crystal_spiral_temple
Lair:1:   dragon1_lemuel, layout_regular_city, grunt_megastairs_2
Lair:2:   layout_loops_ring

Skill      XL: |  1  2  3  4  5  6  7  8  9 10 11 |
---------------+----------------------------------+-----
Armour         | 1 2 3 |  3.0
Fighting       | 3 4 5 6 8 9 10 | 10.2
Dodging        | 3 |  3.0
Unarmed Combat | 4 5 6 8 10 11 12 | 12.0
Throwing       | 4 6 |  6.0
Evocations     | 3 5 |  5.0
Stealth        | |  1.0

Action                   |  1- 3 |  4- 6 |  7- 9 | 10-12 || total
-------------------------+-------+-------+-------+-------++-------
Melee: Unarmed           |    95 |    99 |   250 |   325 ||   769
       Punch             |       |     7 |    15 |    20 ||    42
       Spear             |       |       |       |    13 ||    13
Throw: Dart              |       |       |    12 |     2 ||    14
       Boomerang         |       |       |     2 |       ||     2
       Throwing net      |       |       |     1 |       ||     1
       Javelin           |       |       |       |     8 ||     8
Evoke: Wand              |       |       |       |     4 ||     4
  Use: Scroll            |     2 |    10 |     9 |     3 ||    24
       Potion            |       |       |       |     5 ||     5
 Stab: Sleeping          |     4 |     3 |     8 |     3 ||    18
Armor: Robe              |    42 |    44 |    97 |   133 ||   316
Dodge: Dodged            |    36 |    33 |   101 |   195 ||   365

Table legend: (Time is in decaauts)
 A = Elapsed time spent in this place.
 B = Non-inter-level travel time spent in this place.
 C = Inter-level travel time spent in this place.
 D = Time resting spent in this place.
 E = Time spent auto-exploring this place.
 F = Levels seen in this place.
 G = Mean time per level.
                   A        B        C        D        E       F      G
               +--------+--------+--------+--------+--------+-----+--------+
         Total |   9336 |   8839 |    497 |    823 |   5926 |  13 |  718.2 |
       Dungeon |   7588 |   7177 |    411 |    579 |   4763 |  10 |  758.8 |
        Temple |    210 |    127 |     83 |      0 |    110 |   1 |  210.0 |
          Lair |   1537 |   1534 |      3 |    244 |   1053 |   2 |  768.5 |
               +--------+--------+--------+--------+--------+-----+--------+

Top non-repeatable levels by time:
  Lair:1: 1185 daAuts
     D:7: 1034 daAuts
     D:9: 927 daAuts
    D:10: 917 daAuts
     D:8: 886 daAuts
     D:5: 810 daAuts
     D:3: 807 daAuts
     D:4: 767 daAuts
     D:1: 492 daAuts
     D:6: 474 daAuts
     D:2: 469 daAuts
  Lair:2: 352 daAuts
  Temple: 210 daAuts
